 Dungeon Crawl Stone Soup version 0.29.1-1-gd02db6906a (webtiles) character file.

Game seed: 6901654172630958434

86 IxDamienxI the Covered (level 4, -1/35 HPs)
             Began as a Human Fighter on Oct 15, 2022.
             Slain by a gnoll
             ... wielding a +0 club
              (4 damage)
             ... on level 2 of the Dungeon.
             The game lasted 00:05:57 (1310 turns).

IxDamienxI the Covered (Human Fighter)              Turns: 1310, Time: 00:05:57

Health: -1/35      AC:  9    Str: 18    XL:     4   Next: 77%
Magic:  4/4        EV:  9    Int:  8    God:
Gold:   133        SH:  5    Dex: 19    Spells: 3/3 levels left

rFire   . . .      SeeInvis .   a - +0 war axe
rCold   . . .      Faith    .   c - +0 buckler
rNeg    . . .      Spirit   .   b - +0 scale mail
rPois   .          Reflect  .   g - +1 helmet
rElec   .          Harm     .   (no cloak)
rCorr   +          Rampage  .   (no gloves)
Will    .....                   (no boots)
Stlth   ..........              (no amulet)
HPRegen 0.11/turn               e - +6 ring of dexterity
MPRegen 0.09/turn               h - ring of resist corrosion

@: no status effects
A: no striking features
a: no special abilities


You were on level 2 of the Dungeon.
You visited 1 branch of the dungeon, and saw 2 of its levels.

You collected 133 gold pieces.

Inventory:

Hand Weapons
 a - a +0 war axe (weapon)
Missiles
 i - 3 datura-tipped darts (quivered)
Armour
 b - a +0 scale mail (worn)
 c - a +0 buckler (worn)
 g - a +1 helmet (worn)
Jewellery
 e - a +6 ring of dexterity (left hand)
 h - a ring of resist corrosion (right hand)
Potions
 d - a potion of might
 j - a potion of mutation {unknown}
 k - a potion of heal wounds {unknown}


   Skills:
 + Level 3.2 Fighting
 * Level 3.3 Axes
 + Level 3.7 Armour
 + Level 0.2 Dodging
 + Level 3.3 Shields


You had 3 spell levels left.
You didn't know any spells.
Your spell library was empty.

Dungeon Overview and Level Annotations

Branches:
Dungeon (2/15)

Altars:


Message History

Okay, then.
There are monsters nearby!
It was a potion of curing.
You feel better. The gnoll barely misses you.
The gnoll hits you from afar with a +0 spear.
The gnoll attacks as you move away! The gnoll hits you but does no damage.
You slash the gnoll!
You kill the gnoll!
You block the gnoll's attack.
You see here a +0 club.
You slash the gnoll!
You kill the gnoll!
The gnoll closely misses you.
You barely miss the gnoll. The gnoll hits you but does no damage.
You hit the gnoll.
The gnoll is moderately wounded.
The gnoll hits you with a +0 club.
You closely miss the gnoll.
The gnoll is moderately wounded.
The gnoll hits you but does no damage. The gnoll barely misses you.
You closely miss the gnoll.
The gnoll is moderately wounded.
The gnoll hits you with a +0 club.
You completely miss the gnoll.
The gnoll is moderately wounded.
You block the gnoll's attack.
You hit the gnoll.
The gnoll is heavily wounded.
You block the gnoll's attack. The gnoll barely misses you.
You closely miss the gnoll.
The gnoll is heavily wounded.
The gnoll hits you with a +0 club!
* * * LOW HITPOINT WARNING * * *
You barely miss the gnoll.
The gnoll is heavily wounded.
The gnoll hits you with a +0 club.
* * * LOW HITPOINT WARNING * * *
You closely miss the gnoll.
The gnoll is heavily wounded.
The gnoll hits you with a +0 club.
You die...

#.# #..
............
#.# #.#
####.##.#.##
#.# #.# #.
#†#... #.#
#.#
#.##)####
#.# #.#
#..†(....
#.# #.#
#..#.####
#.# #.#
#..#.# #.#
#g# #.
#.#### #.#
#@# ..
#.##.. #.#
#.# ..
#.##.. #####
#.#.#)# ...
#.##.. ....#
#.#.#.#
#.##.. ###.#
#.#.#.#
#.##.. #.#
#.#.#.#
#.##.. #.#
#.#.#.#
#.##.. #.#
#.#.#.#
#.##.. #.#
#.#.#.#####
#.##..


You could see a gnoll.

Vanquished Creatures
  2 gnolls (D:2)
  2 adders (D:2)
  A worm (D:2)
  3 dart slugs
  4 ball pythons
  2 endoplasms (D:1)
  3 giant cockroaches (D:2)
  4 goblins
  2 hobgoblins
  3 jackals (D:1)
  3 quokkas
  2 bats
  A frilled lizard (D:1)
  3 kobolds (D:1)
  5 rats
40 creatures vanquished.

Vanquished Creatures (others)
  3 plants (D:1)
3 creatures vanquished.

Grand Total: 43 creatures vanquished

Notes
Turn   | Place    | Note
-------+----------+-------------------------------------------
     0 | D:1      | IxDamienxI the Human Fighter began the quest for the Orb.
     0 | D:1      | Reached XP level 1. HP: 18/18 MP: 1/1
    64 | D:1      | Reached XP level 2. HP: 24/24 MP: 2/2
   332 | D:1      | Reached XP level 3. HP: 29/29 MP: 3/3
   723 | D:2      | Reached XP level 4. HP: 30/35 MP: 4/4
  1310 | D:2      | Slain by a gnoll

Illustrated notes

Levels and vault maps discovered:
D:1:      tarquinn_simple_flora_water_a, layout_basic, minivault_25
D:2:      layout_basic

Skill      XL: |  1  2  3  4 |
---------------+-------------+-----
Axes           | 3 |  3.3
Fighting       | |  3.2
Armour         | |  3.7
Dodging        | |  0.2
Shields        | |  3.3

Action                   |  1- 3 |  4- 6 || total
-------------------------+-------+-------++-------
Melee: War axe           |    70 |    46 ||   116
  Use: Scroll            |       |     1 ||     1
       Potion            |       |     1 ||     1
Armor: Scale mail        |    36 |    32 ||    68
Dodge: Dodged            |    29 |    26 ||    55
Block: Buckler           |    16 |    21 ||    37
